 Dungeon Crawl Stone Soup version 0.21.1-1-g345015fe64 (webtiles) character file.

98 Kohma the Sneak (level 4, -1/22 HPs)
             Began as a Spriggan Assassin on July 17, 2018.
             Was a Follower of Uskayaw.
             Slain by an adder (3 damage)
             ... on level 3 of the Dungeon.
             The game lasted 00:08:43 (3195 turns).

Kohma the Sneak (Spriggan Assassin)                 Turns: 3195, Time: 00:08:43

Health: -1/22      AC:  3    Str:  7    XL:     4   Next: 44%
Magic:  5/5        EV: 19    Int: 13    God:    Uskayaw [*.....]
Gold:   133        SH:  0    Dex: 17    Spells: 3/3 levels left

rFire    . . .     SeeInvis +   a - +2 dagger
rCold    . . .     Gourm    .   (shield restricted)
rNeg     . . .     Faith    .   c - +0 robe
rPois    .         Spirit   .   (helmet restricted)
rElec    .         Reflect  .   d - +0 cloak
rCorr    .         Harm     .   (gloves unavailable)
MR       .....                  (boots unavailable)
Stlth    ++++......             (no amulet)
HPRegen  0.07/turn              (no ring)
MPRegen  0.09/turn              (no ring)

@: lethally poisoned (-1 -> -7), very quick
A: very small, unfitting armour, see invisible, herbivore, speed 3, slow
metabolism 2
a: Stomp, Renounce Religion


You were on level 3 of the Dungeon.
You worshipped Uskayaw.
Uskayaw was noncommittal.
You were not hungry.

You visited 1 branch of the dungeon, and saw 3 of its levels.

You collected 133 gold pieces.

Inventory:

Hand Weapons
 a - a +2 dagger (weapon)
 b - a +0 blowgun
Missiles
 e - 5 poisoned needles
 f - 2 curare-tipped needles {!f}
 i - 54 stones (quivered)
Armour
 c - a +0 robe (worn)
 d - a +0 cloak (worn)
Jewellery
 h - a +2 ring of intelligence {unknown}
 n - a +2 ring of dexterity {unknown}
 w - a cursed ring of teleportation {unknown}
Wands
 y - a wand of acid (5)
Scrolls
 m - 3 scrolls of teleportation
 o - a scroll of noise {unknown}
 r - 2 scrolls of fear
 s - a scroll of blinking {unknown}
 t - 2 scrolls of identify {unknown}
 v - a scroll of amnesia {unknown}
Potions
 j - a potion of brilliance {unknown}
 k - 2 potions of heal wounds {unknown}
 l - a potion of haste {unknown}
 p - a potion of resistance {unknown}
 q - a potion of berserk rage {unknown}
 u - a potion of lignification {unknown}
 x - 2 potions of curing {unknown}
 z - a potion of degeneration {unknown}
Comestibles
 g - 6 rations


   Skills:
 - Level 1.5 Fighting
 + Level 3.0 Short Blades
 + Level 2.6 Throwing
 * Level 4.0 Dodging
 * Level 6.8 Stealth


You had 3 spell levels left.
You didn't know any spells.

Dungeon Overview and Level Annotations

Branches:
Dungeon (3/15)

Altars:
Hepliaklqana
Uskayaw
Vehumet
Wu Jian
Zin


Innate Abilities, Weirdness & Mutations

You are very small and have problems with some larger weapons.
You are too small for most types of armour.
You have supernaturally acute eyesight. (SInv)
You are a herbivore.
You cover ground extremely quickly.
You need consume almost no food.


Message History

There is a lethal amount of poison in your body!
Okay, then.
As you read the scroll labeled OSHRAF LIEHY, it crumbles to dust.
You feel strangely unstable.
It was a scroll of teleportation.
* * * LOW HITPOINT WARNING * * *
You feel sick.
* * * LOW HITPOINT WARNING * * *
You feel sick.
The adder dies!
As you read the scroll labeled SUGAELI PASIJA, it crumbles to dust.
You assume a fearsome visage.
Nothing appears to happen.
It was a scroll of fear.
Your surroundings suddenly seem different.
Found a short sword and a club.
An adder comes into view.
The adder barely misses you.
You hit the adder but do no damage.
* * * LOW HITPOINT WARNING * * *
You feel sick. The adder bites you.
You die...

..... #...
....########
#... ...........
#...
###..........
... ..).........
#).........
#..........
+..........
#.@.........#
#.S.........#
#...........#
#...........
#........... .#
##########.# .#
#####g####.# .
###..........##.
.........K......


You could see an adder.

Vanquished Creatures
  4 adders (D:2)
  2 worms (D:2)
  A dart slug (D:1)
  2 giant cockroaches
  12 hobgoblins
  4 jackals (D:1)
  8 kobolds
  A quokka (D:2)
  7 bats
  6 frilled lizards
  2 goblins
  3 rats
52 creatures vanquished.

Vanquished Creatures (others)
  An adder (D:3)
1 creature vanquished.

Grand Total: 53 creatures vanquished

Notes
Turn   | Place    | Note
-------+----------+-------------------------------------------
     0 | D:1      | Kohma the Spriggan Assassin began the quest for the Orb.
     0 | D:1      | Reached XP level 1. HP: 10/10 MP: 2/2
   213 | D:1      | Reached skill level 6 in Stealth
   451 | D:1      | Reached XP level 2. HP: 13/14 MP: 3/3
  1312 | D:2      | Reached XP level 3. HP: 17/18 MP: 4/4
  1516 | D:2      | Found a glowing silver altar of Zin.
  2281 | D:2      | Found a radiant altar of Vehumet.
  2309 | D:2      | Found an ornate altar of the Wu Jian Council.
  2309 | D:2      | Found a hide-covered altar of Uskayaw.
  2313 | D:2      | Became a worshipper of Uskayaw the Reveler
  2363 | D:2      | Reached XP level 4. HP: 22/22 MP: 5/5
  2470 | D:2      | Reached * piety under Uskayaw
  2576 | D:2      | Reached ** piety under Uskayaw
  2994 | D:3      | Found a hazy altar of Hepliaklqana.
  3195 | D:3      | Slain by an adder

Skill      XL: |  1  2  3  4 |
---------------+-------------+-----
Dodging        | 2 3 4 |  4.0
Stealth        | 6 |  6.8
Short Blades   | 3 |  3.0
Fighting       | |  1.5
Throwing       | |  2.6

Action                   |  1- 3 |  4- 6 || total
-------------------------+-------+-------++-------
Melee: Dagger            |   119 |    25 ||   144
 Fire: Blowgun           |    41 |       ||    41
  Use: Scroll            |       |     2 ||     2
 Stab: Sleeping          |     9 |     7 ||    16
Armor: Robe              |    12 |     1 ||    13
Dodge: Dodged            |   102 |    21 ||   123
